 Dungeon Crawl Stone Soup version 0.27.1-4-g1640c2035a (webtiles) character file.

Game seed: 12702430288229547599

2161 Tinkle the Cleaver (level 9, 0/73 (74) HPs)
             Began as a Minotaur Berserker on Nov 9, 2021.
             Was an Elder of Trog.
             Succumbed to a gnoll sergeant's poison
             ... on level 7 of the Dungeon.
             The game lasted 00:16:52 (7077 turns).

Tinkle the Cleaver (Minotaur Berserker)             Turns: 7077, Time: 00:16:52

HP:   0/73 (74)     AC:  5    Str: 26    XL:     9   Next: 10%
MP:   8/8           EV: 11    Int:  4    God:    Trog [****..]
Gold: 358           SH:  4    Dex:  9    Spells: 8/8 levels left

rFire    + . .     SeeInvis .   a - +4 hand axe
rCold    . . .     Faith    .   m - +0 buckler
rNeg     . . .     Spirit   .   j - +0 ring mail {rF+}
rPois    .         Reflect  .   (helmet restricted)
rElec    .         Harm     .   (no cloak)
rCorr    .         Rampage  .   (no gloves)
Will     .....                  (no boots)
Stlth    ..........             (no amulet)
HPRegen  0.22/turn              (no ring)
MPRegen  0.11/turn              (no ring)

@: lethally poisoned (0 -> -6), on berserk cooldown, slowed, lightly drained,
very slow
A: horns 2, retaliatory headbutt
a: Renounce Religion, Berserk, Trog's Hand, Brothers in Arms


You were on level 7 of the Dungeon.
You worshipped Trog.
Trog was greatly pleased with you.
You visited 1 branch of the dungeon, and saw 7 of its levels.

You collected 358 gold pieces.

Inventory:

Hand Weapons
 a - a +4 hand axe (weapon)
 b - a +0 war axe
Missiles
 f - a throwing net
 l - 5 atropa-tipped darts (quivered)
Armour
 j - a +0 ring mail of fire resistance (worn)
 m - a +0 buckler (worn)
 s - a +0 pair of gloves
Jewellery
 u - a ring of magical power
Scrolls
 c - 3 scrolls of teleportation {unknown}
 d - 2 scrolls of enchant weapon {unknown}
 g - 2 scrolls of fear {unknown}
 o - 2 scrolls of enchant armour {unknown}
 p - a scroll of identify
 r - 2 scrolls of acquirement {unknown}
Potions
 e - a potion of berserk rage
 h - 2 potions of degeneration
 i - 2 potions of heal wounds
 k - a potion of curing
 n - a potion of mutation
 q - 2 potions of lignification
 t - a potion of resistance
 v - 2 potions of haste


   Skills:
 - Level 5.0 Fighting
 + Level 13.2 Axes
 - Level 2.4 Armour
 - Level 2.1 Dodging
 - Level 4.0 Shields


You had 8 spell levels left.
You didn't know any spells.
Your spell library was empty.

Dungeon Overview and Level Annotations

Branches:
Dungeon (7/15)             Temple (0/1) D:5

Altars:
Cheibriados
Makhleb
Xom
Zin

Shops:
D:1 =


Innate Abilities, Weirdness & Mutations

You have a pair of horns on your head.
You reflexively headbutt those who attack you in melee.


Message History

Items here: )) [[.
You barely miss the gnoll sergeant.
Your headbutt misses the gnoll sergeant.
You feel sick.
You hit the gnoll sergeant but do no damage.
The gnoll sergeant hits you but does no damage.
You are more poisoned.
You hit the gnoll sergeant.
The gnoll sergeant is moderately wounded.
You feel sick.
You slash the gnoll sergeant!
Your headbutt misses the gnoll sergeant.
The gnoll sergeant is almost dead.
You feel sick.
The gnoll sergeant hits you with a +0 spear of venom!
* * * LOW HITPOINT WARNING * * *
You are more poisoned.
You hit the gnoll sergeant.
You kill the gnoll sergeant!
Trog accepts your kill.
* * * LOW HITPOINT WARNING * * *
You feel very sick.
* * * LOW HITPOINT WARNING * * *
You feel very sick.
You feel a strong urge to attack something.
* * * LOW HITPOINT WARNING * * *
You feel very sick.
You are too berserk!
* * * LOW HITPOINT WARNING * * *
You feel very sick.
You feel your anger nearly subside.
You are no longer berserk.
You are exhausted.
You feel yourself slow down.
* * * LOW HITPOINT WARNING * * *
You feel sick.
* * * LOW HITPOINT WARNING * * *
You feel very sick.
* * * LOW HITPOINT WARNING * * *
You feel very sick.
You die...

..##'##.......####.....# #......
..#.....####....######## #......
..'.....# #....#......####......
###.....# #....'................
........# #....###'#.####.####..
...#########..........##.....##..
...#....#..#..........#.†.....#..
...#....#..#..........#.......#..
...###.###.#..<.@..zg....._......
######.###.##########.#.......#.#
#<...#......#....# #.#.......#..
#....'......#....# #z##.....##..
#....#......#....# #g####.####..
#######'##..###.#####.g..g.......
.........#..###.#..####.###......
.........#....#....# #..........
.........#....#....# #####......


You could see a wight and a gnoll.

Vanquished Creatures
  Pikel (D:4)
  A troll (D:6)
  Eustachio (D:4)
  A necrophage (D:6)
  An ogre (D:5)
  2 phantoms
  A lemure (D:4)
  A bullfrog (D:6)
  A gnoll sergeant (D:7)
  A scorpion (D:5)
  3 wights (D:7)
  A howler monkey (D:7)
  3 centaur zombies
  A bullfrog zombie (D:6)
  2 jellies
  2 hounds
  2 bullfrog skeletons
  2 iguanas
  2 orc wizards
  A hound skeleton (D:5)
  9 gnolls
  6 adders
  A white imp (D:6)
  2 ufetubi (D:6)
  An adder skeleton (D:4)
  3 worms
  2 dart slugs (D:4)
  15 orcs
  2 bats
  7 endoplasms
  6 giant cockroaches
  6 goblins
  7 hobgoblins
  9 jackals
  8 kobolds
  2 quokkas
  11 ball pythons
  4 frilled lizards
  2 rats
  A spectral kobold (D:3)
134 creatures vanquished.

Notes
Turn   | Place    | Note
-------+----------+-------------------------------------------
     0 | D:1      | Tinkle the Minotaur Berserker began the quest for the Orb.
     0 | D:1      | Reached XP level 1. HP: 19/19 MP: 0/0
   205 | D:1      | Reached skill level 4 in Axes
   205 | D:1      | Reached XP level 2. HP: 20/27 MP: 1/1
   778 | D:1      | Found Bovvadej's Jewellery Shoppe.
   909 | D:2      | Reached XP level 3. HP: 30/34 MP: 2/2
   987 | D:2      | Found a snail-covered altar of Cheibriados.
  1192 | D:2      | Reached ** piety under Trog
  1576 | D:3      | Reached XP level 4. HP: 34/41 MP: 3/3
  1734 | D:3      | Reached skill level 5 in Fighting
  1754 | D:3      | Reached skill level 5 in Axes
  1833 | D:3      | Found a faded altar of an unknown god.
  2084 | D:3      | Reached skill level 6 in Axes
  2084 | D:3      | Reached XP level 5. HP: 46/48 MP: 4/4
  2818 | D:4      | Noticed a phantom
  2821 | D:4      | Killed a phantom
  2822 | D:4      | Reached skill level 7 in Axes
  2822 | D:4      | Reached XP level 6. HP: 56/56 MP: 5/5
  2852 | D:4      | Reached *** piety under Trog
  3045 | D:4      | Noticed Eustachio
  3100 | D:4      | Killed Eustachio
  3101 | D:4      | Reached skill level 8 in Axes
  3694 | D:4      | Noticed Pikel
  3711 | D:4      | Killed Pikel
  3712 | D:4      | Reached skill level 10 in Axes
  3712 | D:4      | Reached XP level 7. HP: 31/61 MP: 6/6
  4020 | D:4      | Found a burning altar of Makhleb.
  4023 | D:4      | Found a glowing silver altar of Zin.
  4023 | D:4      | Noticed an angel
  4024 | D:4      | Noticed a cacodemon
  4760 | D:5      | Entered Level 5 of the Dungeon
  4770 | D:5      | Reached skill level 1 in Shields
  4770 | D:5      | Reached XP level 8. HP: 54/68 MP: 7/7
  4875 | D:5      | Reached skill level 11 in Axes
  5122 | D:5      | Found a staircase to the Ecumenical Temple.
  6055 | D:6      | Noticed a troll
  6063 | D:6      | Killed a troll
  6064 | D:6      | Reached skill level 12 in Axes
  6519 | D:6      | Reached **** piety under Trog
  6920 | D:7      | Found a shimmering altar of Xom.
  6928 | D:7      | Reached XP level 9. HP: 74/74 MP: 8/8
  7023 | D:7      | Reached skill level 13 in Axes
  7076 | D:7      | HP: 2/73 [poisoned by a gnoll sergeant]
  7077 | D:7      | Succumbed to a gnoll sergeant's poison

Illustrated notes

Levels and vault maps discovered:
D:1:      giann_wishing_wells, layout_basic, serial_shops,
          nicolae_lakefront_shop, minmay_misc_feat_five, st_stairs_7
D:2:      layout_basic, basic_altar, minivault_14, glass_columns_a
D:3:      layout_loops_corners, dreamdust_ecumenical_altar_drowned_temple
D:4:      layout_loops_ring, grunt_temple_overflow_order_and_chaos_2,
          corexii_shack, uniq_eustachio, uniq_pikel
D:5:      layout_cave_pools, minmay_temple_entry_poolview
D:6:      cheibrodos_iron_armory, layout_cave_pods,
          ebering_dispersal_statue_hall
D:7:      layout_gridville, old_standard_altar

Skill      XL: |  1  2  3  4  5  6  7  8  9 |
---------------+----------------------------+-----
Fighting       | 4 5 |  5.0
Axes           | 4 6 7 10 12 13 | 13.2
Shields        | 1 4 |  4.0
Armour         | |  2.4
Dodging        | |  2.1

Action                   |  1- 3 |  4- 6 |  7- 9 || total
-------------------------+-------+-------+-------++-------
Melee: Hand axe          |    75 |    55 |   125 ||   255
       Headbutt          |    10 |    21 |    33 ||    64
       War axe           |       |    64 |    20 ||    84
Throw: Dart              |       |       |     3 ||     3
Invok: Berserk           |       |     2 |     1 ||     3
       Trog's Hand       |       |     1 |       ||     1
  Use: Scroll            |       |       |     7 ||     7
Armor: Animal skin       |     4 |       |       ||     4
       Ring mail         |    21 |    43 |    21 ||    85
Dodge: Dodged            |    38 |    76 |    58 ||   172
Block: Buckler           |       |       |    26 ||    26
